 Dungeon Crawl Stone Soup version 0.22-a0-866-geee5034 (webtiles) character file.

105303 Amnesiac the Eclecticist (level 15, -32/95 HPs)
             Began as a Mummy Wizard on July 28, 2018.
             Was a High Priest of Vehumet.
             Annihilated by an orc knight
             ... wielding a +0 great mace of holy wrath
              (59 damage)
             ... on level 2 of the Elven Halls.
             The game lasted 01:09:26 (30773 turns).

Amnesiac the Eclecticist (Mummy Wizard)            Turns: 30773, Time: 01:09:26

Health: -32/95     AC: 15    Str: 11    XL:     15   Next: 94%
Magic:  36/36      EV: 15    Int: 26    God:    Vehumet [*****.]
Gold:   231        SH:  0    Dex: 13    Spells: 18/49 levels left

rFire    + . .     SeeInvis +   a - staff of earth
rCold    . . .     Gourm    .   (no shield)
rNeg     + + +     Faith    .   p - +2 leather armour {rF+}
rPois    ∞         Spirit   .   I - +3 crown of Dyrovepreva {rElec Int+2 SInv}
rElec    +         Reflect  .   q - +0 cloak
rCorr    .         Harm     .   J - +2 pair of gloves {Dex+3}
MR       +....                  L - +2 pair of boots
Stlth    ++........             e - amulet of regeneration
HPRegen  0.65/turn              z - ring of fire
MPRegen  0.25/turn              F - +3 ring of evasion

@: no status effects
A: no food or potions, fire vulnerability, cold resistance 1, negative energy
resistance 3, torment resistance, unbreathing, in touch with death 1
a: Renounce Religion


You were on level 2 of the Elven Halls.
You worshipped Vehumet.
Vehumet was extremely pleased with you.
You were not hungry.

You visited 5 branches of the dungeon, and saw 21 of its levels.

You collected 2452 gold pieces.
You spent 2221 gold pieces at shops.

Inventory:

Missiles
 d - 365 stones (quivered)
 i - 53 sling bullets
Armour
 p - a +2 leather armour of fire resistance (worn)
 q - a +0 cloak (worn)
 I - the +3 crown of Dyrovepreva (worn) {rElec Int+2 SInv}
   (You bought it in a shop on level 2 of the Orcish Mines)

   It affects your intelligence (+2).
   It insulates you from electricity.
   It lets you see invisible.
 J - a +2 pair of gloves of dexterity (worn)
 K - a +0 buckler of reflection
 L - a +2 pair of boots (worn)
Magical Staves
 a - an uncursed staff of earth (weapon)
 H - an uncursed staff of energy
Jewellery
 e - an amulet of regeneration (around neck)
 o - an uncursed amulet of the acrobat
 v - an uncursed amulet of guardian spirit
 y - an uncursed ring of resist corrosion
 z - a ring of fire (left hand)
 F - a +3 ring of evasion (right hand)
Wands
 b - a wand of polymorph (21)
 l - a wand of flame (2)
 C - a wand of enslavement (4)
Scrolls
 c - 5 scrolls of magic mapping {!r}
 f - 8 scrolls of teleportation {!r}
 g - a scroll of summoning {!r, unknown}
 h - 5 scrolls of enchant weapon {!r}
 j - 10 scrolls of identify {!r}
 k - a scroll of fog {!r}
 n - 9 scrolls of remove curse {!r}
 r - 3 scrolls of blinking {!r}
 s - 2 scrolls of amnesia {!r}
 u - 2 scrolls of enchant armour {!r}
 w - a scroll of fear {!r}
 x - 2 scrolls of vulnerability {!r}
 E - a scroll of torment {!r}
Potions
 t - a potion of mutation {!q}
Miscellaneous
 B - a lightning rod (4/4)


   Skills:
 - Level 2.0 Fighting
 - Level 2.0 Dodging
 - Level 1.5 Stealth
 * Level 3.1 Shields
 - Level 17.5 Spellcasting
 - Level 12.0 Conjurations
 - Level 0.7 Summonings
 - Level 0.7 Translocations
 - Level 17.5 Earth Magic


You had 18 spell levels left.
You knew the following spells:

 Your Spells              Type           Power        Failure   Level  Hunger
a - Bolt of Magma         Conj/Fire/Erth ########..   1%          5    N/A
b - Call Imp              Summ           ####....     3%          2    N/A
c - Petrify               Tmut/Erth      #######.     1%          4    N/A
d - Iron Shot             Conj/Erth      #######...   1%          6    N/A
e - Mephitic Cloud        Conj/Pois/Air  #####...     1%          3    N/A
f - Magic Dart            Conj           ####         0%          1    N/A
s - Conjure Flame         Conj/Fire      ######..     1%          3    N/A
v - Blink                 Tloc           N/A          3%          2    N/A
w - Irradiate             Conj/Tmut      ######....   1%          5    N/A

Your spell library contained the following spells:

 Spells                   Type           Power        Failure   Level  Hunger
 Slow                     Hex            ###.....     4%          2    N/A
 Confuse                  Hex            ###.....     9%          3    N/A
 Throw Frost              Conj/Ice       ######       1%          2    N/A
 Freezing Cloud           Conj/Ice/Air   #####.....   21%         6    N/A
 Ring of Flames           Chrm/Fire      ####......   100%        7    N/A
 Venom Bolt               Conj/Pois      ######....   1%          5    N/A
 Summon Small Mammal      Summ           ####         1%          1    N/A
 Freeze                   Ice            ###.         1%          1    N/A
 Summon Ice Beast         Ice/Summ       ###.....     24%         4    N/A
 Ozocubu's Armour         Chrm/Ice       ###.....     9%          3    N/A
 Statue Form              Tmut/Erth      #######..    12%         6    N/A
 Dragon Form              Tmut           ###.......   100%        7    N/A
 Throw Icicle             Conj/Ice       ######..     1%          4    N/A
 Confusing Touch          Hex            ###...       2%          1    N/A
 Metabolic Englaciation   Hex/Ice        ###.......   61%         5    N/A
 Summon Butterflies       Summ           ####....     1%          1    N/A
 Orb of Destruction       Conj           ######....   4%          7    N/A
 Malign Gateway           Summ/Tloc      ####......   100%        7    N/A
 Iskenderun's Battlesphe  Conj/Chrm      ######..     1%          5    N/A
 Spellforged Servitor     Conj/Summ      ######....   38%         7    N/A
 Summon Mana Viper        Hex/Summ       ###.....     56%         5    N/A
 Hydra Form               Tmut           ###.......   99%         6    N/A
 Gell's Gravitas          Tloc           ####......   6%          3    N/A
 Yara's Violent Unravell  Hex/Tmut       ###.......   21%         5    N/A
 Poisonous Vapours        Pois/Air       ###...       4%          2    N/A

Dungeon Overview and Level Annotations

Branches:
Dungeon (15/15)            Temple (1/1) D:4            Lair (1/6) D:8
    Orc (2/2) D:11            Elf (2/3) Orc:2        Vaults (0/5) D:14
 Depths (0/5) D:15

Altars:
Ashenzari
Cheibriados
Dithmenos
Elyvilon
Fedhas
Gozag
Hepliaklqana
Kikubaaqudgha
Makhleb
Nemelex Xobeh
Okawaru
Qazlal
Ru
Sif Muna
Trog
Uskayaw
Vehumet
Wu Jian
Xom
Yredelemnul
Zin
The Shining One
Beogh

Shops:
D:8 =   D:11 !   Orc:2 ([:*   Elf:1 %

Annotations:
Lair:1 exclusion: 4 oklob plants


Innate Abilities, Weirdness & Mutations

You do not eat or drink.
Your flesh is vulnerable to fire.
You are immune to poison.
Your flesh is cold resistant. (rC+)
You are immune to negative energy. (rN+++)
You are immune to unholy pain and torment.
You can survive without breathing.
You are in touch with the powers of death.


Message History

You climb upwards.
There is a stone staircase leading down here.
Casting: Bolt of Magma (safe; 1% risk of failure)
Confirm with . or Enter, or press ? or * to list all spells.
Aiming: Bolt of Magma (safe; 1% risk of failure)
Press: ? - help, Shift-Dir - straight line, f - orc high priest
Aim: an orc high priest, wielding a dire flail (unusually strong)
You feel a strong surge of power!
The bolt of magma hits the orc high priest.
The orc high priest is heavily wounded.
The orc high priest calls down the wrath of Beogh upon you.
Beogh smites you!
The orc warrior hits you with a war axe!
Unknown command.
Casting: Bolt of Magma (safe; 1% risk of failure)
Confirm with . or Enter, or press ? or * to list all spells.
Aiming: Bolt of Magma (safe; 1% risk of failure)
Press: ? - help, Shift-Dir - straight line, f/p - orc high priest
Aim: an orc high priest, wielding a dire flail (heavily wounded, unusually strong)
You feel a strong surge of power!
The bolt of magma hits the orc high priest.
You kill the orc high priest!
Vehumet accepts your kill.
Your Shields skill increases to level 3!
Unknown command.
Casting: Bolt of Magma (safe; 1% risk of failure)
Confirm with . or Enter, or press ? or * to list all spells.
Aiming: Bolt of Magma (safe; 1% risk of failure)
Press: ? - help, Shift-Dir - straight line, f - orc warrior
Aim: an orc warrior, wielding a war axe and wearing a plate armour You feel a strong surge of power!
The bolt of magma hits the orc warrior.
You kill the orc warrior!
Vehumet accepts your kill.
You feel your power returning.
Casting: Bolt of Magma (safe; 1% risk of failure)
Confirm with . or Enter, or press ? or * to list all spells.
You can't see any susceptible monsters within range! (Use Z to cast anyway.)
Casting: Bolt of Magma (safe; 1% risk of failure)
Confirm with . or Enter, or press ? or * to list all spells.
You can't see any susceptible monsters within range! (Use Z to cast anyway.)
Things that are here:
a war axe; a plate armour You see here a dire flail.
There is a stone staircase leading down here.
You start resting.
HP restored.
You start resting.
Magic restored.
You start resting.
HP restored.
You start resting.
Magic restored.
You climb downwards.
The orc knight hits you with an enchanted great sword!
The orc knight completely misses you.
There is a stone staircase leading up here.
The orc knight roars a battlecry!
The orcs go into a battle-frenzy!
The orc knight hits you with an enchanted great sword!
The orc knight hits you with a great mace of holy wrath!!!
* * * LOW HITPOINT WARNING * * *
You convulse!!!
Ouch! That really hurt!
You die...

#++# # #..# .# #
##..###.###
####.#...$o....#
.........o@#
#.#######.##.# #.#
#.##.oo #.#
#.####o.o #.#
##'####ooo.o #.#
##.....# .o.o #.#
##......###### #.#
##..............
#.###......<........


You could see an orc warlord, 3 orc knights, 2 orc warriors and an orc priest
(wandering).

Vanquished Creatures
  Roxanne (D:14)
  4 orc warlords (Orc:2)
  A cacodemon (D:14)
  A ghoul (D:14)
  A stone giant (Orc:1)
  The ghost of Vupouneo the Grappler, a journeyman TrFi of Uskayaw (D:14)
  3 very ugly things (D:14)
  A deep elf demonologist (Elf:1)
  Josephine (D:15)
  Harold (D:10)
  Fannar (D:11)
  A rakshasa (D:15)
  3 hydras
  4 centaur warriors
  2 ogre magi (D:15)
  A dancing weapon (Elf:1)
  18 two-headed ogres
  A tengu warrior (D:14)
  The ghost of Eptagon the Thaumaturge, a novice GnWz of Okawaru (D:9)
  2 orc high priests
  12 deep elf knights
  The ghost of Torious the Destroyer, a novice DECj of Sif Muna (D:10)
  A glowing orange brain (D:14)
  2 unseen horrors
  2 lindwurms (shapeshifter) (D:14)
  A necromancer (D:14)
  A wolf spider zombie (D:14)
  Pikel (D:6)
  4 orc knights
  5 deep elf archers (Elf:1)
  8 ugly things
  26 deep elf magi
  6 orc sorcerers
  5 cyclopes
  2 manticores (D:11)
  A moth of wrath (shapeshifter) (D:14)
  A black mamba (shapeshifter) (D:14)
  Joseph (D:9)
  A gargoyle (D:10)
  A naga mage (D:15)
  Maurice (D:11)
  5 spiny frogs (Lair:1)
  3 centaur zombies (D:14)
  3 komodo dragons
  2 kobold demonologists (D:10)
  A tengu conjurer (D:14)
  13 trolls
  A meliai (shapeshifter) (D:14)
  A hornet (D:12)
  2 dream sheep (D:9)
  9 slime creatures
  3 hippogriffs
  A hippogriff (shapeshifter) (D:15)
  A shadow (D:11)
  A redback (shapeshifter) (D:15)
  A spriggan (shapeshifter) (D:14)
  11 wraiths
  22 yaks
  A wyvern (D:12)
  2 fire elementals (Elf:1)
  2 basilisks (Lair:1)
  2 neqoxecs (D:14)
  A water elemental (D:15)
  A fire bat (shapeshifter) (D:14)
  7 hungry ghosts
  6 wargs
  Edmund (D:6)
  5 water moccasins
  A porcupine (Lair:1)
  3 phantoms
  3 sky beasts
  4 slaves (D:7)
  2 hornet zombies (D:14)
  35 orc warriors
  2 eyes of draining
  16 ogres
  4 ice beasts
  9 centaurs
  4 crocodiles
  10 big kobolds
  A bullfrog (shapeshifter) (D:14)
  10 bullfrogs
  An earth elemental (Elf:2)
  3 scorpions
  3 howler monkeys (D:9)
  15 wights
  A troll skeleton (D:15)
  An electric eel (D:15)
  10 crimson imps
  2 human zombies (D:15)
  3 bullfrog zombies
  A quasit (D:8)
  8 hounds
  5 jellies
  21 orc priests
  3 bullfrog skeletons
  4 centaur skeletons
  29 orc wizards
  Crazy Yiuf (D:7)
  A human skeleton (D:15)
  3 iguanas
  13 worker ants
  A bullfrog simulacrum (D:11)
  A hound zombie (D:11)
  A hound skeleton (D:11)
  A mummy (D:15)
  2 howler monkey zombies
  2 worker ant zombies
  2 howler monkey skeletons
  7 adders
  9 shadow imps
  An adder skeleton (D:7)
  2 worms
  3 dart slugs
  7 leopard geckos
  85 orcs
  5 giant cockroaches
  8 hobgoblins
  16 jackals
  4 kobolds (D:1)
  5 quokkas
  A ball python skeleton (D:5)
  9 bats
  4 frilled lizards
  2 goblins
  3 leopard gecko skeletons
  A quokka skeleton (D:5)
  8 rats
662 creatures vanquished.

Vanquished Creatures (collateral kills)
  An ugly thing (D:14)
  A water moccasin (D:6)
  A scorpion (D:4)
  A worker ant (D:6)
  A giant cockroach (D:3)
5 creatures vanquished.

Vanquished Creatures (others)
  A deep elf knight (Elf:1)
  An orc (Orc:1)
  A fungus (Lair:1)
3 creatures vanquished.

Grand Total: 670 creatures vanquished

Notes
Turn   | Place    | Note
-------+----------+-------------------------------------------
     0 | D:1      | Amnesiac the Mummy Wizard began the quest for the Orb.
     0 | D:1      | Reached XP level 1. HP: 13/13 MP: 5/5
   375 | D:1      | Reached XP level 2. HP: 19/19 MP: 2/7
   379 | D:1      | Learned a level 2 spell: Blink
   382 | D:1      | Learned a level 2 spell: Call Imp
   696 | D:4      | Noticed a scorpion
   718 | D:4      | Killed a scorpion
   718 | D:4      | Reached skill level 1 in Fighting
   718 | D:4      | Reached skill level 5 in Spellcasting
   718 | D:4      | Reached XP level 3. HP: 23/26 MP: 0/9
   813 | D:4      | Found a staircase to the Ecumenical Temple.
   820 | Temple   | Entered the Ecumenical Temple
  1024 | D:2      | Found a white marble altar of Elyvilon.
  1049 | D:2      | Found an opulent altar of Gozag.
  1578 | D:2      | Found a shattered altar of Ashenzari.
  1870 | D:2      | Reached XP level 4. HP: 19/32 MP: 2/11
  2291 | D:3      | Learned a level 3 spell: Conjure Flame
  2295 | D:3      | Learned a level 3 spell: Mephitic Cloud
  2454 | D:3      | Found an iron altar of Okawaru.
  2794 | D:4      | Reached XP level 5. HP: 27/38 MP: 14/14
  2868 | D:4      | Found a shimmering altar of Xom.
  2870 | D:4      | Found a blossoming altar of Fedhas.
  2870 | D:4      | Found a hazy altar of Hepliaklqana.
  2872 | D:4      | Found a shimmering altar of Xom.
  2872 | D:4      | Found an ornate altar of the Wu Jian Council.
  2872 | D:4      | Found a stormy altar of Qazlal.
  3405 | D:5      | Entered Level 5 of the Dungeon
  3454 | D:5      | Reached XP level 6. HP: 21/44 MP: 12/16
  3773 | D:5      | Found a snail-covered altar of Cheibriados.
  4184 | D:5      | Reached XP level 7. HP: 47/50 MP: 12/19
  4660 | D:5      | Reached skill level 10 in Spellcasting
  5014 | D:6      | Learned a level 4 spell: Petrify
  5242 | D:6      | Noticed Edmund
  5269 | D:6      | Killed Edmund
  5269 | D:6      | Reached XP level 8. HP: 56/56 MP: 1/23
  5622 | D:6      | Reached skill level 1 in Earth Magic
  5763 | D:6      | Found a glowing golden altar of the Shining One.
  5766 | D:6      | Found a bloodstained altar of Trog.
  5769 | D:6      | Found a deep blue altar of Sif Muna.
  5772 | D:6      | Found a radiant altar of Vehumet.
  5776 | D:6      | Became a worshipper of Vehumet
  7039 | D:7      | Found a hazy altar of Hepliaklqana.
  7054 | D:7      | Noticed Pikel
  7238 | D:6      | Killed Pikel
  7238 | D:6      | Reached skill level 5 in Earth Magic
  7238 | D:6      | Reached XP level 9. HP: 61/61 MP: 21/24
  7286 | D:7      | Found a runed door.
  7348 | D:7      | Noticed Crazy Yiuf
  7356 | D:7      | Killed Crazy Yiuf
  7565 | D:7      | Found a shadowy altar of Dithmenos.
  7587 | D:7      | Reached * piety under Vehumet
  7587 | D:7      | Offered knowledge of Sting by Vehumet.
  8338 | D:8      | Learned a level 6 spell: Iron Shot
  8405 | D:8      | Found Ublouv's Jewellery Boutique.
  8565 | D:8      | Found a staircase to the Lair.
  8807 | D:9      | Reached ** piety under Vehumet
  8807 | D:9      | Offered knowledge of Searing Ray by Vehumet.
  8886 | D:9      | Noticed a cyclops
  8975 | D:9      | Reached XP level 10. HP: 67/67 MP: 22/25
  9012 | D:9      | Found a large runed door.
  9012 | D:9      | Found a large runed door.
  9037 | D:9      | Noticed a two-headed ogre
  9054 | D:9      | Killed a two-headed ogre
  9517 | D:9      | Noticed a two-headed hydra
  9529 | D:9      | Killed a one-headed hydra
  9529 | D:9      | Reached skill level 10 in Earth Magic
  9647 | D:9      | Killed a cyclops
  9649 | D:9      | Offered knowledge of Dazzling Spray by Vehumet.
  9716 | D:9      | Noticed a two-headed ogre
  9748 | D:9      | Noticed Joseph
  9751 | D:9      | Noticed Eptagon's ghost (novice GnWz)
  9843 | D:9      | Killed Joseph
  9910 | D:9      | Killed a two-headed ogre
 10166 | D:9      | Learned a level 5 spell: Bolt of Magma
 10514 | D:8      | Bought an uncursed ring of fire for 325 gold pieces
 10529 | Lair:1   | Entered Level 1 of the Lair of Beasts
 10814 | Lair:1   | Reached *** piety under Vehumet
 10814 | Lair:1   | Reached XP level 11. HP: 61/72 MP: 11/26
 11100 | Lair:1   | Noticed an oklob plant
 11102 | Lair:1   | Noticed an oklob plant
 11102 | Lair:1   | Noticed an oklob plant
 11103 | Lair:1   | Noticed an oklob plant
 11597 | Lair:1   | Offered knowledge of Stone Arrow by Vehumet.
 11925 | D:10     | Entered Level 10 of the Dungeon
 11950 | D:10     | Noticed Harold
 11956 | D:10     | Killed Harold
 12064 | D:10     | Noticed a two-headed ogre
 12080 | D:10     | Killed a two-headed ogre
 12551 | D:10     | Noticed a two-headed ogre
 12558 | D:10     | Killed a two-headed ogre
 12661 | D:10     | Found a runed gate.
 12661 | D:10     | Found a runed gate.
 12661 | D:10     | Found a runed gate.
 12664 | D:10     | Noticed Torious's ghost (novice DECj)
 12863 | D:10     | Noticed a sixfirhy
 12871 | D:10     | Reached **** piety under Vehumet
 13405 | D:10     | Killed Torious's ghost
 13810 | D:11     | Identified a paperback manual
 13844 | D:11     | Killed an unseen horror
 13983 | D:11     | Reached XP level 12. HP: 78/78 MP: 17/29
 14101 | D:11     | Found a staircase to the Orcish Mines.
 14104 | D:11     | Offered knowledge of Sticky Flame by Vehumet.
 14312 | D:11     | Found a roughly hewn altar of Beogh.
 14657 | D:11     | Noticed a centaur warrior
 14724 | D:11     | Killed a centaur warrior
 15000 | D:11     | Noticed a two-headed ogre
 15009 | D:11     | Killed a two-headed ogre
 15121 | D:11     | Found a shimmering altar of Xom.
 15121 | D:11     | Found a basalt altar of Yredelemnul.
 15126 | D:11     | Found an ancient bone altar of Kikubaaqudgha.
 15126 | D:11     | Found a shattered altar of Ashenzari.
 15129 | D:11     | Reached ***** piety under Vehumet
 15133 | D:11     | Noticed Maurice
 15486 | D:11     | Got a bone whip
 15494 | D:11     | Identified the +5 whip "Riaceqiu" {antimagic, rC+ Int+4} (You found it on level 11 of the Dungeon)
 15675 | D:11     | Offered knowledge of Freezing Cloud by Vehumet.
 15764 | D:11     | Killed Maurice
 15801 | D:11     | Found Wouquc's Distillery.
 16755 | D:12     | Found an ancient bone altar of Kikubaaqudgha.
 18290 | D:13     | Gained mutation: You are in touch with the powers of death. [Mummy growth]
 18290 | D:13     | Reached XP level 13. HP: 83/83 MP: 19/31
 18793 | D:14     | Noticed Roxanne
 18917 | D:14     | Killed Roxanne
 19134 | D:14     | Reached skill level 15 in Earth Magic
 19145 | D:13     | Reached skill level 15 in Spellcasting
 19268 | D:14     | Reached skill level 1 in Conjurations
 19699 | D:14     | Reached skill level 5 in Conjurations
 20102 | D:14     | Found a gate to the Vaults.
 20487 | D:14     | Offered knowledge of Conjure Ball Lightning by Vehumet.
 20776 | D:14     | Found a runed gate.
 20776 | D:14     | Found a runed gate.
 20776 | D:14     | Noticed a ghoul
 20783 | D:14     | Killed a ghoul
 20783 | D:14     | Reached skill level 10 in Conjurations
 20881 | D:14     | Found a runed gate.
 20890 | D:14     | Noticed a purple very ugly thing
 21276 | D:14     | Noticed a white very ugly thing
 21279 | D:14     | Noticed a red very ugly thing
 21297 | D:14     | Killed a red very ugly thing
 21466 | D:14     | Killed a brown very ugly thing
 21709 | D:14     | Killed a purple very ugly thing
 21709 | D:14     | Reached XP level 14. HP: 74/90 MP: 13/33
 21746 | D:15     | Entered Level 15 of the Dungeon
 21911 | D:14     | Found a runed gate.
 21911 | D:14     | Found a runed gate.
 21916 | D:14     | Found a runed gate.
 21917 | D:14     | Noticed a cacodemon
 21917 | D:14     | Noticed Vupouneo's ghost (journeyman TrFi)
 22134 | D:14     | Killed a cacodemon
 22487 | D:14     | Got a warped hat
 22539 | D:14     | Identified the +0 hat "Ducvicide" {MR+} (You found it on level 14 of the Dungeon)
 22890 | D:15     | Learned a level 5 spell: Irradiate
 23418 | D:15     | Noticed Josephine
 24149 | D:15     | Killed Josephine
 24345 | D:15     | Found a staircase to the Depths.
 24877 | D:15     | Found an ancient bone altar of Kikubaaqudgha.
 24986 | D:14     | Killed Vupouneo's ghost
 25052 | D:9      | Killed Eptagon's ghost
 25138 | Orc:1    | Entered Level 1 of the Orcish Mines
 25138 | Orc:1    | Noticed Fannar
 25138 | Orc:1    | Noticed a stone giant
 25143 | Orc:1    | Killed a stone giant
 25258 | D:11     | Killed Fannar
 25618 | Orc:1    | Found a bloodstained altar of Trog.
 25821 | Orc:2    | Entered Level 2 of the Orcish Mines
 25821 | Orc:2    | Found a roughly hewn altar of Beogh.
 25821 | Orc:2    | Found a staircase to the Elven Halls.
 25821 | Orc:2    | Noticed an orc warlord
 25960 | Orc:2    | Killed an orc warlord
 26109 | Orc:2    | Reached XP level 15. HP: 95/95 MP: 23/35
 26345 | Orc:2    | Offered knowledge of Bolt of Cold by Vehumet.
 27042 | Orc:1    | Noticed an orc warlord
 27042 | Orc:1    | Noticed an orc warlord
 27484 | Orc:2    | Noticed an orc warlord
 27512 | Orc:2    | Killed an orc warlord
 27643 | Orc:2    | Found a roughly hewn altar of Beogh.
 27666 | Orc:2    | Found Voek's Book Shoppe.
 27670 | Orc:2    | Found Hujoec's Antique Weapon Shoppe.
 27745 | Orc:2    | Found Untitaicw's General Store.
 27760 | Orc:2    | Found Tioc Quira's Antique Armour Shoppe.
 28063 | Orc:2    | Killed an orc warlord
 28197 | Orc:2    | Killed an orc warlord
 28680 | Orc:2    | Bought an uncursed staff of earth for 300 gold pieces
 28697 | Orc:2    | Bought the +3 crown of Dyrovepreva {rElec Int+2 SInv} for 1035 gold pieces
 28697 | Orc:2    | Found the +3 crown of Dyrovepreva {rElec Int+2 SInv}
 28697 | Orc:2    | Bought a pair of runed gloves for 187 gold pieces
 28697 | Orc:2    | Bought a shiny buckler for 187 gold pieces
 28697 | Orc:2    | Bought a pair of runed boots for 187 gold pieces
 28762 | Elf:1    | Entered Level 1 of the Elven Halls
 28765 | Elf:1    | Offered knowledge of Fireball by Vehumet.
 29846 | Elf:1    | Found Vireatyh's Food Emporium.
 30030 | Elf:1    | Identified the Handbook of the Escort
 30084 | Elf:1    | Reached skill level 1 in Shields
 30606 | Elf:2    | Noticed an orc warlord
 30773 | Elf:2    | Annihilated by an orc knight

Vault maps used:
D:1:      elethiomel_arrival_diamonds, minmay_misc_feat_tower
D:2:      evilmike_ruin_ashenzari, nicolae_overflow_crystal_walls,
          elyvilon_altar_5
D:3:      okawaru_gym_becter
D:4:      doesnt_xom_only_xom, minmay_temple_entry_trees, hangedman_decor_push
D:5:      first_ration, cheibrodos_worm_habitat
D:6:      grunt_temple_overflow_cloverleaf, kennysheep_small_circle, uniq_edmund
D:7:      lemuel_crystal_altar, grunt_dithmenos_smoke, uniq_crazy_yiuf_cottage,
          uniq_pikel
D:8:      erik_lair_orcish_takeover, serial_shops, shop
D:9:      ebering_ghost_disaster_area, hangedman_ranch, dk_noncrumbling_4,
          uniq_joseph
D:10:     gammafunk_ghost_nasty_kobolds, uniq_harold
D:11:     minmay_the_grid_octo_tiled_squarecenter,
          minmay_orc_entry_temple_small, serial_shops, shop, uniq_maurice
D:12:     basic_altar, serial_corexii_hall, corexii_hall_statues_deadend,
          corexii_hall_statues_t, corexii_hall_statues_s,
          corexii_hall_statues_x, corexii_hall_statues_u, corexii_hall_statues_u
D:13:     minmay_misc_feat_plants, lemuel_flamethrower_3
D:14:     david_vaults_1, serial_undead, serial_undead_c, serial_undead_b,
          serial_undead_e, serial_undead_f,
          ploomutoo_gammafunk_ghost_potion_laboratory, uniq_roxanne
D:15:     grunt_enter_depths_magical_seal, minivault_14,
          lemuel_mausoleum_altar_kikubaaqudgha, uniq_josephine
Temple:   eino_temple_lava
Lair:1:   lemuel_fruit_fields, grunt_megastairs_2, minmay_lair_oklob_chamber
Orc:1:    basic_altar, uniq_fannar
Orc:2:    grunt_orc_cross, basic_altar
Elf:1:    minmay_elf_arrival_circle, serial_shops, nicolae_shop_behind_doors,
          minmay_elf_demonology
Elf:2:    special_room, uniq_jorgrun

Skill      XL: |  1  2  3  4  5  6  7  8  9 10 11 12 13 14 15 |
---------------+----------------------------------------------+-----
Fighting       | 1 2 |  2.0
Spellcasting   | 5 6 7 9 11 13 14 15 16 17 | 17.5
Dodging        | 2 |  2.0
Earth Magic    | 5 9 11 13 14 15 16 17 | 17.5
Conjurations   | 11 12 | 12.0
Shields        | 3 |  3.1
Stealth        | |  1.5
Summonings     | |  0.7
Translocations | |  0.7

Action                   |  1- 3 |  4- 6 |  7- 9 | 10-12 | 13-15 || total
-------------------------+-------+-------+-------+-------+-------++-------
Melee: Mace              |     1 |    46 |       |       |       ||    47
       Whip              |       |       |   180 |   196 |       ||   376
       Hand axe          |       |       |       |    11 |       ||    11
       Staff             |       |       |       |     4 |    80 ||    84
 Fire: Hunting sling     |       |   102 |    90 |       |       ||   192
Throw: Stone             |       |       |       |       |     1 ||     1
 Cast: Magic Dart        |    73 |    73 |   251 |    52 |     1 ||   450
       Call Imp          |     4 |     2 |     5 |       |       ||    11
       Mephitic Cloud    |       |    15 |    23 |     6 |     1 ||    45
       Conjure Flame     |       |     5 |    19 |    21 |       ||    45
       Blink             |       |     1 |       |     2 |     4 ||     7
       Bolt of Magma     |       |       |       |   247 |   431 ||   678
       Iron Shot         |       |       |       |     7 |    66 ||    73
       Irradiate         |       |       |       |       |     3 ||     3
Evoke: Wand              |       |       |       |    12 |    33 ||    45
       Lightning rod     |       |       |       |     4 |    13 ||    17
       Staff of energy   |       |       |       |       |    10 ||    10
       Box of beasts     |       |       |       |       |     2 ||     2
  Use: Scroll            |       |    10 |     3 |     6 |     3 ||    22
 Stab: Confused          |       |     2 |     3 |       |       ||     5
       Sleeping          |       |     1 |       |       |       ||     1
Armor: Robe              |     3 |    24 |    84 |    57 |       ||   168
       Troll leather arm |       |       |       |       |    61 ||    61
       Leather armour    |       |       |       |       |    25 ||    25
Dodge: Dodged            |    21 |    70 |   212 |   180 |   187 ||   670

Table legend:
 A = Spawn XP
 B = Non-spawn XP
 C = Spawn XP percentage of total XP
 D = Spawn monster count
 E = Non-spawn monster count
 F = Spawn count percentage of total count
 G = Total turns spent on level
                    A         B        C        D         E        F      G
               +---------+---------+-------+---------+---------+-------+---------
         Total |       0 |  150433 |   0.0 |       0 |     664 |   0.0 | 30773
               +---------+---------+-------+---------+---------+-------+---------
           D:1 |       0 |      29 |   0.0 |       0 |      18 |   0.0 |   896
           D:2 |       0 |      42 |   0.0 |       0 |      12 |   0.0 |  1283
           D:3 |       0 |      79 |   0.0 |       0 |      19 |   0.0 |   914
           D:4 |       0 |     249 |   0.0 |       0 |      14 |   0.0 |  1157
           D:5 |       0 |     747 |   0.0 |       0 |      29 |   0.0 |  1264
           D:6 |       0 |    1403 |   0.0 |       0 |      23 |   0.0 |  1372
           D:7 |       0 |     576 |   0.0 |       0 |      13 |   0.0 |  1098
           D:8 |       0 |    1056 |   0.0 |       0 |      18 |   0.0 |   734
           D:9 |       0 |    6836 |   0.0 |       0 |      48 |   0.0 |  2121
          D:10 |       0 |    6204 |   0.0 |       0 |      34 |   0.0 |  1772
          D:11 |       0 |    9887 |   0.0 |       0 |      58 |   0.0 |  2294
          D:12 |       0 |    5572 |   0.0 |       0 |      35 |   0.0 |  1677
          D:13 |       0 |    5657 |   0.0 |       0 |      33 |   0.0 |  2019
          D:14 |       0 |   33720 |   0.0 |       0 |      71 |   0.0 |  3470
          D:15 |       0 |   20820 |   0.0 |       0 |      55 |   0.0 |  2138
        Lair:1 |       0 |    4462 |   0.0 |       0 |      19 |   0.0 |  1269
         Orc:1 |       0 |    3478 |   0.0 |       0 |      25 |   0.0 |   756
         Orc:2 |       0 |   20846 |   0.0 |       0 |      90 |   0.0 |  2788
         Elf:1 |       0 |   28114 |   0.0 |       0 |      44 |   0.0 |  1669
         Elf:2 |       0 |     656 |   0.0 |       0 |       6 |   0.0 |    65
               +---------+---------+-------+---------+---------+-------+---------
